 Dungeon Crawl Stone Soup version 0.29.0-10-g45618ea6d2 (webtiles) character file.

Game seed: 1445808267037821713

74 Zeldest the Insei (level 4, -2/29 HPs)
             Began as an Octopode Transmuter on Sept 2, 2022.
             Slain by a hobgoblin (5 damage)
             ... led by Robin
             ... on level 2 of the Dungeon.
             The game lasted 00:01:51 (1586 turns).

Zeldest the Insei (Octopode Transmuter)             Turns: 1586, Time: 00:01:52

Health: -2/29      AC:  1    Str:  9    XL:     4   Next: 28%
Magic:  5/7        EV: 13    Int: 17    God:
Gold:   127        SH:  0    Dex: 12    Spells: 4/7 levels left

rFire   . . .      SeeInvis .     - Unarmed
rCold   . . .      Faith    .   (no shield)
rNeg    . . .      Spirit   .   (helmet restricted)
rPois   .          Reflect  .   (no amulet)
rElec   .          Harm     .   (no ring)
rCorr   .          Rampage  .   (no ring)
Will    .....                   (no ring)
Stlth   ++........              (no ring)
HPRegen 0.09/turn               (no ring)
MPRegen 0.10/turn               (no ring)
                                (no ring)
                                (no ring)

@: no status effects
A: almost no armour, amphibious, 8 rings, camouflage 1, gelatinous body 1,
(nimble swimmer 1), tentacles
a: no special abilities


You were on level 2 of the Dungeon.
You visited 1 branch of the dungeon, and saw 2 of its levels.

You collected 127 gold pieces.

Inventory:

Missiles
 d - 2 throwing nets
Scrolls
 b - 2 scrolls of teleportation {unknown}
 e - a scroll of vulnerability {unknown}
 f - 3 scrolls of identify {unknown}
 g - 2 scrolls of poison {unknown}
 h - a scroll of blinking {unknown}
 i - a scroll of fear {unknown}
Potions
 a - 2 potions of lignification
 c - a potion of curing {unknown}
 j - a potion of heal wounds {unknown}
 k - a potion of berserk rage {unknown}


   Skills:
 + Level 2.2 Fighting
 - Level 2.4 Dodging
 + Level 3.6 Unarmed Combat
 - Level 2.0 Spellcasting
 + Level 2.8 Transmutations


You had 4 spell levels left.
You knew the following spells:

 Your Spells              Type           Power      Damage    Failure   Level
a - Beastly Appendage     Tmut           22%        N/A       6%          1
b - Wereblood             Tmut           11%        N/A       9%          2

Your spell library contained the following spells:

 Spells                   Type           Power      Damage    Failure   Level
 Summon Small Mammal      Summ           4%         N/A       19%         1
 Spider Form              Tmut/Pois      6%         N/A       32%         3
 Call Canine Familiar     Summ           1%         N/A       50%         3
 Summon Guardian Golem    Hex/Summ       1%         N/A       50%         3
 Ice Form                 Ice/Tmut       6%         N/A       71%         4


Dungeon Overview and Level Annotations

Branches:
Dungeon (2/15)

Altars:

Annotations:
D:2 Robin


Innate Abilities, Weirdness & Mutations

You cannot wear most types of armour.
You are amphibious.
You can wear up to eight rings at the same time.
Your skin changes colour to match your surroundings (Stealth+).
Your rubbery body absorbs attacks. (AC +1, EV +1)
((You are camouflaged when in or above water. (Stealth+)))
You have tentacles for arms and can constrict up to eight enemies at once.


Message History

Things that are here:
a +0 dagger; a +0 robe; a +0 short sword The hobgoblin attacks as you move away!
The hobgoblin barely misses you.
You howl as the wereblood boils in your veins!
The endoplasm quivers.
The hobgoblin attacks as you move away! The hobgoblin hits you.
The hobgoblin attacks as you move away! The hobgoblin hits you.
You howl as the wereblood boils in your veins!
The hobgoblin attacks as you move away! The hobgoblin closely misses you.
You howl as the wereblood boils in your veins!
The hobgoblin attacks as you move away! The hobgoblin closely misses you.
Your transformation is almost over.
The hobgoblin attacks as you move away! The hobgoblin closely misses you.
You howl as the wereblood boils in your veins!
You howl as the wereblood boils in your veins!
The hobgoblin no longer looks unusually strong.
You see here a dart slug corpse.
The hobgoblin attacks as you move away! The hobgoblin hits you.
Your primal bloodlust is almost over.
The hobgoblin no longer looks unusually strong.
The hobgoblin attacks as you move away! The hobgoblin hits you.
Your tentacle spike disappears.
The hobgoblin attacks as you move away! The hobgoblin closely misses you.
You howl as the wereblood boils in your veins!
A goblin comes into view. It is wielding a +0 dagger.
A goblin comes into view. It is wielding a +0 dagger.
The hobgoblin attacks as you move away! The hobgoblin completely misses you.
Your primal bloodlust has ended.
The endoplasm freezes you.
You are frozen.
* * * LOW HITPOINT WARNING * * *
The endoplasm attacks as you move away!
The endoplasm misses you. 2 goblins come into view.
A goblin comes into view. It is wielding a +0 dagger.
A hobgoblin comes into view.
There is a stone staircase leading up here.
The endoplasm closely misses you. The goblin hits you with a +0 dagger.
* * * LOW HITPOINT WARNING * * *
The hobgoblin hits you.
You die...

############ ### ## #
#.....gl.#8###8###.###8
#..l####...............
.##...#.......g..........
#...#..g............##....
###.....ggJ.g.g)....###..g
#.....g@g...gg....##....
#.####.............).).. #.
#....#..........)... ..
#....#...........#.. ##
#....#...........#..
#.######>..................
.............#.###.........
########...................
##....#.............$


You could see Robin, an endoplasm, 4 hobgoblins, 5 goblins and a frilled lizard.

Vanquished Creatures
  Jessica (D:2)
  A gnoll (D:1)
  2 dart slugs
  A ball python (D:1)
  4 endoplasms
  A giant cockroach (D:1)
  5 goblins
  2 hobgoblins (D:1)
  4 kobolds
  3 quokkas (D:1)
  2 bats
  2 frilled lizards
  3 rats
31 creatures vanquished.

Notes
Turn   | Place    | Note
-------+----------+-------------------------------------------
     0 | D:1      | Zeldest the Octopode Transmuter began the quest for the
                  | Orb.
     0 | D:1      | Reached XP level 1. HP: 13/13 MP: 3/3
   392 | D:1      | Reached XP level 2. HP: 14/18 MP: 3/5
   675 | D:1      | Reached XP level 3. HP: 5/23 MP: 6/6
  1508 | D:2      | Learned a level 2 spell: Wereblood
  1546 | D:2      | Noticed Jessica
  1552 | D:2      | Killed Jessica
  1553 | D:2      | Reached XP level 4. HP: 28/29 MP: 5/7
  1561 | D:2      | Noticed Robin
  1586 | D:2      | Slain by a hobgoblin

Illustrated notes

Levels and vault maps discovered:
D:1:      roderic_crossed_star, layout_loops_ring, serial_bayou_pond_e
D:2:      layout_basic, serial_corexii_hall, corexii_hall_statues_i,
          chequers_hall_statues_wall_a, corexii_hall_statues_l,
          chequers_hall_statues_y, serial_shops,
          nicolae_shop_overgrown_old_shop, minmay_pentomino_x4, uniq_jessica,
          uniq_robin

Skill      XL: |  1  2  3 |
---------------+----------+-----
Fighting       | 2 |  2.2
Dodging        | |  2.4
Unarmed Combat | |  3.6
Spellcasting   | |  2.0
Transmutations | |  2.8

Action                   |  1- 3 |  4- 6 || total
-------------------------+-------+-------++-------
Melee: Unarmed           |    78 |     3 ||    81
       Constrict         |    18 |     1 ||    19
       Tentacles         |    14 |     1 ||    15
       Kick              |     7 |       ||     7
 Cast: Beastly Appendage |     9 |     1 ||    10
       Wereblood         |       |     1 ||     1
 Stab: Sleeping          |     5 |       ||     5
Armor: Skin              |     4 |       ||     4
Dodge: Dodged            |    42 |    12 ||    54
